 Dungeon Crawl Stone Soup version 0.28.0-49-g6dfe1f597d (webtiles) character file.

Game seed: 8596219074509055508

12628 fictitious the Spear-Bearer (level 11, -6/94 HPs)
             Began as a Minotaur Fighter on May 19, 2022.
             Was a Priest of Fedhas.
             Mangled by a dire elephant simulacrum (13 damage)
             ... in an ice cave.
             The game lasted 00:37:26 (12750 turns).

fictitious the Spear-Bearer (Minotaur Fighter)     Turns: 12750, Time: 00:37:27

Health: -6/94      AC: 18    Str: 24    XL:     11   Next: 64%
Magic:  11/15      EV: 11    Int:  3    God:    Fedhas [***...]
Gold:   577        SH:  5    Dex: 11    Spells: 10/10 levels left

rFire   + + .      SeeInvis .   a - +3 halberd (freeze)
rCold   + + .      Faith    .   (shield currently unavailable)
rNeg    . . .      Spirit   .   W - +0 chain mail
rPois   +          Reflect  +   (helmet restricted)
rElec   +          Harm     .   q - +1 cloak
rCorr   +          Rampage  .   v - +1 pair of gloves
Will    .....                   t - +2 pair of boots
Stlth   ..........              C - amulet of reflection
HPRegen 0.25/turn               P - ring "Ratyhouh" {rElec rF+ rC+ Int-2}
MPRegen 0.14/turn               (no ring)

@: about to teleport, resistant, weak-willed, invisible
A: horns 2, retaliatory headbutt
a: Renounce Religion, Wall of Briars, Grow Ballistomycete


You were in an ice cave.
You worshipped Fedhas.
Fedhas was most pleased with you.
You visited 3 branches of the dungeon, and saw 13 of its levels.
You also visited: Ossuary and Ice Cave.

You collected 577 gold pieces.

Inventory:

Hand Weapons
 a - a +3 halberd of freezing (weapon)
 b - a +0 hand crossbow
 H - a +0 trident
Missiles
 f - 103 arrows
 h - 44 bolts
 D - 6 poisoned darts (quivered)
 I - 2 throwing nets
Armour
 c - a +0 buckler
 e - a +0 scale mail
 i - a scarf of invisibility
 q - a +1 cloak (worn)
 t - a +2 pair of boots (worn)
 v - a +1 pair of gloves (worn)
 W - a +0 chain mail (worn)
Jewellery
 C - an amulet of reflection (around neck)
 P - a ring "Ratyhouh" (left hand) {rElec rF+ rC+ Int-2}
   (You found it on level 9 of the Dungeon)

   [ring of protection from fire]

   Int:       It affects your intelligence (-2).
   rF:        It protects you from fire.
   rC:        It protects you from cold.
   rElec:     It insulates you from electricity.
Wands
 B - a wand of iceblast (22)
 G - a wand of flame (28)
Scrolls
 k - a scroll of teleportation
 m - 2 scrolls of amnesia
 o - a scroll of silence {unknown}
 s - a scroll of immolation {unknown}
 u - 3 scrolls of magic mapping
 w - a scroll of blinking {unknown}
 x - a scroll of fog
 y - a scroll of fear
 E - a scroll of vulnerability
Potions
 d - a potion of ambrosia
 g - 5 potions of flight
 j - a potion of resistance
 l - 3 potions of brilliance
 p - 3 potions of curing
 r - a potion of cancellation {unknown}
 z - a potion of magic {unknown}
 A - a potion of lignification
 F - 2 potions of mutation {!q}
 J - a potion of attraction


   Skills:
 - Level 8.0 Fighting
 * Level 14.4 Polearms
 + Level 5.8 Crossbows
 - Level 8.0 Armour
 + Level 7.9 Dodging
 - Level 5.0 Shields
 + Level 6.9 Invocations


You had 10 spell levels left.
You didn't know any spells.
Your spell library contained the following spells:

 Spells                   Type           Power      Damage    Failure   Level
 Animate Skeleton         Necr           0%         N/A       98%         1
 Apportation              Tloc           0%         N/A       98%         1
 Magic Dart               Conj           0%         1d3       98%         1
 Pain                     Necr           0%         1d4       98%         1
 Sandblast                Erth           0%         2d4       98%         1
 Summon Small Mammal      Summ           0%         N/A       98%         1
 Call Imp                 Summ           0%         N/A       99%         2
 Ensorcelled Hibernation  Hex/Ice        0%         N/A       99%         2
 Passwall                 Tmut/Erth      0%         N/A       99%         2
 Sublimation of Blood     Necr           0%         N/A       99%         2
 Mephitic Cloud           Conj/Pois/Air  0%         N/A       100%        3
 Spider Form              Tmut/Pois      0%         N/A       100%        3
 Stone Arrow              Conj/Erth      0%         3d7       100%        3
 Vampiric Draining        Necr           0%         2d6       100%        3
 Anguish                  Hex/Necr       0%         N/A       100%        4
 Petrify                  Tmut/Erth      0%         N/A       100%        4
 Alistair's Intoxication  Tmut/Pois      0%         N/A       100%        5
 Borgnjor's Vile Clutch   Necr/Erth      0%         N/A       100%        5
 Irradiate                Conj/Tmut      0%         3d13      100%        5
 Eringya's Noxious Bog    Tmut/Pois      0%         N/A       100%        6


Dungeon Overview and Level Annotations

Branches:
Dungeon (10/15)            Temple (1/1) D:4            Lair (2/6) D:10
Ossuary (visited)           IceCv (1/1)
  Swamp: Lair:2-4    Shoals: Lair:2-4     Snake: Lair:2-4    Spider: Lair:2-4
    Orc: D:9-12

Altars:
Ashenzari
Cheibriados
Dithmenos
Elyvilon
Fedhas
Gozag
Hepliaklqana
Kikubaaqudgha
Makhleb
Nemelex Xobeh
Okawaru
Qazlal
Ru
Sif Muna
Trog
Uskayaw
Vehumet
Wu Jian
Xom
Yredelemnul
Zin
The Shining One

Shops:
D:7 (

Annotations:
D:2 Sigmund
D:9 Erolcha


Innate Abilities, Weirdness & Mutations

You have a pair of horns on your head.
You reflexively headbutt those who attack you in melee.


Message History

The ice devil hits you but does no damage.
Unknown command.
Okay, then.
As you read the scroll labelled YFERUT SANLUEG, it crumbles to dust.
Magic quickly surges around you.
It was a scroll of vulnerability.
The wolf simulacrum bites you but does no damage. x2
The ice devil closely misses you. You furiously retaliate!
You headbutt the ice devil, but do no damage.
You block the ice devil's attack.
The ice devil hits you but does no damage. x3
As you read the scroll of teleportation, it crumbles to dust.
You feel strangely unstable.
The polar bear simulacrum bites you but does no damage.
The polar bear simulacrum closely misses you.
The polar bear simulacrum claws you but does no damage.
The wolf simulacrum bites you but does no damage.
The dire elephant simulacrum tramples you.
* * * LOW HITPOINT WARNING * * *
You hold your ground!
The dire elephant simulacrum trunk-slaps you but does no damage.
The ice devil barely misses you. The ice devil hits you.
* * * LOW HITPOINT WARNING * * *
The ice devil freezes you. You resist.
* * * LOW HITPOINT WARNING * * *
The ice devil hits you but does no damage. x2
You block the ice devil's attack.
You fade into invisibility!
The wolf simulacrum closely misses you.
The polar bear simulacrum closely misses you.
You furiously retaliate!
You headbutt the polar bear simulacrum, but do no damage.
The polar bear simulacrum misses you.
You block the polar bear simulacrum's attack.
The dire elephant simulacrum tramples you!
You die...
Fedhas appreciates your contribution to the ecosystem.

#.....#
##PPP## ##
##### ##.#
#...###
#....#.####
#..ZZZ..##
#..4444..#
#84Z@ZZ8#
#.Z4Z4..#
#..ZZ4..#
#.......#
#8.....8#
##......#
#.....##
##...##


You could see 8 ice devils, a wolf simulacrum (weak-willed), an elephant
simulacrum (weak-willed), 4 dire elephant simulacra, 3 cane toad simulacra and a
polar bear simulacrum (weak-willed).

Vanquished Creatures
  Josephine (D:10)
  Harold (D:8)
  Pikel (D:5)
  A black mamba (Lair:2)
  A cane toad (Lair:1)
  2 freezing wraiths
  4 ice devils
  Prince Ribbit (D:9)
  6 blink frogs
  A wyvern (D:8)
  6 wraiths (D:10)
  A dire elephant simulacrum (IceCv)
  A basilisk (Lair:1)
  5 yaks
  2 death yak simulacra (IceCv)
  6 water moccasins
  An acid dragon (D:10)
  Duvessa (D:5)
  An orc warrior (D:10)
  5 ice beasts
  2 black bears
  A necrophage (D:7)
  2 ogres
  A centaur (D:10)
  2 wolves (Lair:2)
  5 bullfrogs
  3 scorpions
  A gnoll sergeant (D:10)
  2 cane toad simulacra (IceCv)
  A two-headed ogre simulacrum (IceCv)
  8 water moccasin zombies (Ossuary)
  Dowan (D:5)
  2 wyvern skeletons
  3 elephant simulacra (IceCv)
  11 wights
  A howler monkey (D:4)
  A centaur zombie (D:8)
  4 hounds
  2 jellies (D:7)
  3 orc priests
  A centaur skeleton (D:7)
  3 iguanas
  3 orc wizards
  2 wolf simulacra (IceCv)
  A killer bee zombie (D:9)
  2 mummies (Ossuary)
  12 gnolls
  5 adders
  4 white imps
  4 ufetubi
  4 adder zombies (Ossuary)
  An adder skeleton (D:4)
  3 dart slugs
  13 orcs
  3 ball pythons (D:1)
  4 endoplasms
  3 giant cockroaches
  2 goblins (D:1)
  3 hobgoblins
  2 jackals (D:1)
  5 quokkas
  4 bats (D:1)
  5 frilled lizards
  4 gnoll zombies (Ossuary)
  3 hobgoblin zombies (Ossuary)
  4 kobolds
  3 kobold zombies (Ossuary)
  4 orc zombies (Ossuary)
  A rat (D:1)
212 creatures vanquished.

Vanquished Creatures (collateral kills)
  A black bear (D:10)
  3 wolves (Lair:2)
  A bullfrog (D:10)
5 creatures vanquished.

Vanquished Creatures (others)
  A wizard (D:8)
  26 fungi
  37 plants
64 creatures vanquished.

Grand Total: 281 creatures vanquished

Notes
Turn   | Place    | Note
-------+----------+-------------------------------------------
     0 | D:1      | fictitious the Minotaur Fighter began the quest for the
                  | Orb.
     0 | D:1      | Reached XP level 1. HP: 19/19 MP: 0/0
    67 | D:1      | Reached skill level 3 in Polearms
   139 | D:1      | Reached XP level 2. HP: 25/26 MP: 1/1
   433 | D:1      | Reached skill level 4 in Polearms
   584 | D:1      | Reached XP level 3. HP: 31/31 MP: 2/2
   913 | D:2      | Noticed Sigmund
  1023 | D:3      | HP: 1/31 [something (1)]
  1024 | D:3      | Reached skill level 5 in Polearms
  1024 | D:3      | Reached XP level 4. HP: 2/39 MP: 3/3
  1421 | D:3      | Reached skill level 6 in Polearms
  2001 | D:4      | Reached XP level 5. HP: 36/45 MP: 4/4
  2107 | D:4      | Reached skill level 7 in Polearms
  2229 | D:4      | Found a sand-covered staircase.
  2243 | Ossuary  | Entered an ossuary
  2269 | Ossuary  | Reached skill level 8 in Polearms
  2269 | Ossuary  | Reached XP level 6. HP: 42/51 MP: 5/5
  2403 | Ossuary  | Reached skill level 9 in Polearms
  2408 | Ossuary  | Reached XP level 7. HP: 50/57 MP: 6/6
  2505 | Ossuary  | Reached skill level 10 in Polearms
  2752 | D:4      | Found a sparkling altar of Nemelex Xobeh.
  3062 | D:4      | Found a staircase to the Ecumenical Temple.
  3070 | Temple   | Entered the Ecumenical Temple
  3373 | Temple   | Became a worshipper of Fedhas Madash
  3486 | D:4      | Reached skill level 1 in Dodging
  3765 | D:5      | Entered Level 5 of the Dungeon
  3765 | D:5      | Noticed Pikel
  3787 | D:5      | Killed Pikel
  3788 | D:5      | Reached XP level 8. HP: 26/67 MP: 6/8
  4233 | D:5      | Found a burning altar of Makhleb.
  4233 | D:5      | Found an iron altar of Okawaru.
  4233 | D:5      | Found a white marble altar of Elyvilon.
  4663 | D:5      | Noticed Dowan
  4664 | D:5      | Noticed Duvessa
  4675 | D:5      | Killed Dowan
  4676 | D:5      | Reached skill level 5 in Fighting
  4676 | D:5      | Reached skill level 5 in Armour
  4676 | D:5      | Killed Duvessa
  5822 | D:6      | Reached * piety under Fedhas
  5823 | D:6      | Reached skill level 11 in Polearms
  5823 | D:6      | Reached XP level 9. HP: 41/75 MP: 10/10
  6763 | D:7      | Reached skill level 5 in Dodging
  6929 | D:7      | Found Mece's Weapon Shop.
  7340 | D:7      | Reached skill level 1 in Crossbows
  7526 | D:7      | You fall into a shaft and drop 1 floor!
  8075 | D:8      | Noticed Harold
  8543 | D:8      | Killed Harold
  8543 | D:8      | Reached ** piety under Fedhas
  8544 | D:8      | Reached skill level 5 in Shields
  8544 | D:8      | Reached XP level 10. HP: 41/84 MP: 12/12
  8833 | D:8      | Reached skill level 12 in Polearms
  8968 | D:8      | Found a bloodstained altar of Trog.
  8973 | D:8      | Noticed a wizard
  8976 | D:8      | Killed a wizard
  9191 | D:9      | Identified a ring "Ratyhouh" {rElec rF+ rC+ Int-2}
  9282 | D:9      | Noticed Erolcha
  9301 | D:9      | Noticed Prince Ribbit
  9305 | D:9      | Killed Prince Ribbit
  9535 | D:10     | Entered Level 10 of the Dungeon
  9695 | D:10     | Reached skill level 5 in Invocations
  9852 | D:10     | Found an ancient bone altar of Kikubaaqudgha.
 10022 | D:10     | Found a staircase to the Lair.
 10089 | D:10     | Noticed Josephine
 10107 | D:10     | Killed Josephine
 10247 | Lair:1   | Entered Level 1 of the Lair of Beasts
 10499 | D:10     | Reached skill level 13 in Polearms
 10575 | Lair:1   | Reached XP level 11. HP: 88/94 MP: 14/14
 11386 | Lair:2   | Noticed a boulder beetle
 11481 | Lair:2   | Reached *** piety under Fedhas
 11484 | Lair:2   | Reached skill level 5 in Crossbows
 11694 | Lair:2   | Found a frozen archway.
 11707 | Lair:2   | Reached skill level 14 in Polearms
 11934 | IceCv    | Entered an ice cave
 12747 | IceCv    | Found an ancient bone altar of Kikubaaqudgha.
 12750 | IceCv    | Mangled by a dire elephant simulacrum

Illustrated notes

Levels and vault maps discovered:
D:1:      dpeg_arrival_refuge, layout_loops_ring, minmay_pentomino_t4
D:2:      layout_basic, dreamdust_ecumenical_altar_hidden_monk_grotto,
          uniq_natasha, uniq_sigmund, uniq_terence
D:3:      layout_basic, lightli_corner_chamber
D:4:      layout_loops_corners, mainiacjoe_overflow_24_doors,
          minmay_temple_entry_stoned_glass, nicolae_ossuary_entry_ruins,
          chequers_serial_rivers_micro_c
D:5:      layout_basic, gammafunk_temple_overflow_forgotten, uniq_pikel,
          uniq_duvessa
D:6:      layout_loops_cross
D:7:      layout_layer_cave, serial_shops, nicolae_shop_bloodbath_and_beyond
D:8:      layout_cave_pools, trog_wizard, uniq_harold
D:9:      layout_basic, orc_0_dummy, uniq_erolcha, uniq_prince_ribbit1
D:10:     layout_rooms, mainiacjoe_overflow_surrounded_room,
          grunt_lair_entry_orc_guard_hut, uniq_josephine
Temple:   minmay_temple_bridge_d
Lair:1:   layout_long_grid
Lair:2:   nzn_winding_woodlands_small [nzn_winding_woodlands_5x15_longhouse,
          nzn_winding_woodlands_center_triple_pond,
          nzn_winding_woodlands_5x15_pathside_ponds], layout_regular_city,
          portal_ice_cave_demonic_guard, ice2_lemuel
IceCv:    ice_cave_small_necro

Skill      XL: |  1  2  3  4  5  6  7  8  9 10 11 |
---------------+----------------------------------+-----
Polearms       | 3 4 5 6 8 9 10 11 13 14 | 14.4
Dodging        | 2 3 5 6 7 |  7.9
Fighting       | 4 5 6 8 |  8.0
Armour         | 4 5 6 8 |  8.0
Invocations    | 2 3 4 5 6 |  6.9
Shields        | 5 |  5.0
Crossbows      | 2 4 5 |  5.8

Action                   |  1- 3 |  4- 6 |  7- 9 | 10-12 || total
-------------------------+-------+-------+-------+-------++-------
Melee: Trident           |    87 |   103 |   339 |    34 ||   563
       Headbutt          |     7 |    22 |    42 |    54 ||   125
       Halberd           |       |       |       |   272 ||   272
 Fire: Hand crossbow     |       |       |    28 |    15 ||    43
Throw: Throwing net      |       |       |       |     2 ||     2
       Dart              |       |       |       |     2 ||     2
Invok: Wall of Briars    |       |       |       |     6 ||     6
Evoke: Wand              |       |       |       |     3 ||     3
  Use: Potion            |     3 |       |     2 |     2 ||     7
       Scroll            |     2 |     4 |     9 |    10 ||    25
 Stab: Distracted        |       |       |     1 |       ||     1
       Held in net/web   |       |       |     3 |       ||     3
Armor: Scale mail        |    43 |    33 |    75 |       ||   151
       Chain mail        |       |       |       |   112 ||   112
Dodge: Dodged            |    36 |    28 |    70 |    97 ||   231
Block: Buckler           |    13 |     8 |    58 |     4 ||    83
       Reflection        |       |       |     2 |     1 ||     3
       Other             |       |       |       |    37 ||    37
